TOP OF THE 1ST |
Idaho Falls Spuds batting - Pitching for Minot Jets : RHP Julio Molina
|
Pitching: RHP Julio Molina
|
|
Batting: RHB Henry Smith
|
0-0: Called Strike 0-1: Swinging Strike 0-2: Ball 1-2: Strikes out looking
|
Batting: RHB Ken Williams
|
0-0: Fly out, F7 (Flyball, 78M, EV 83.1 MPH)
|
Batting: LHB Barry Houston
|
0-0: Ball 1-0: Foul Ball, location: 2F 1-1: Ball 2-1: Fly out, F5 (Popup, 5SF, EV 82.5 MPH)
|
Top of the 1st over - 0 runs, 0 hits, 0 errors, 0 left on base; Idaho Falls 0 - Minot 0 |
BOTTOM OF THE 1ST |
Minot Jets batting - Pitching for Idaho Falls Spuds : LHP Mark Roberts
|
Pitching: LHP Mark Roberts
|
|
Batting: RHB George Vogel
|
0-0: Bunted foul 0-1: Ball 1-1: Ball 2-1: Ball 3-1: Foul Ball, location: 2F 3-2: Foul Ball, location: 2F 3-2: Base on Balls
|
Batting: RHB William Phillips
|
0-0: Ball 1-0: Swinging Strike 1-1: Ball 2-1: Ball 3-1: Fly out, F9 (Flyball, 89M, EV 82.5 MPH)
|
Batting: LHB Douglas Reibel
|
0-0: Called Strike 0-1: Ball 1-1: Ball 2-1: Swinging Strike 2-2: Fielders Choice at 2nd, 4-6 (Groundball, 34, EV 104.4 MPH)
|
Batting: RHB Troy Afenir
|
0-0: Called Strike 0-1: Ball 1-1: Fielders Choice at 2nd, 6-4 (Groundball, 6, EV 103.1 MPH)
|
Bottom of the 1st over - 0 runs, 0 hits, 0 errors, 1 left on base; Idaho Falls 0 - Minot 0 |
TOP OF THE 2ND |
Idaho Falls Spuds batting - Pitching for Minot Jets : RHP Julio Molina
|
Batting: RHB Reginald Mosley
|
0-0: Fly out, F8 (Flyball, 8LD, EV 91.9 MPH)
|
Batting: LHB Tom Francis
|
0-0: Ball 1-0: Foul Ball, location: 2F 1-1: Ball 2-1: Swinging Strike 2-2: Strikes out swinging
|
Batting: RHB Tony Porras
|
0-0: Called Strike 0-1: Called Strike 0-2: SINGLE (Line Drive, 78M, EV 106.9 MPH)
|
Batting: RHB Billie Merrifield
|
0-0: Ball 1-0: Foul Ball, location: 2F 1-1: SINGLE (Line Drive, 5D, EV 98.8 MPH) Tony Porras to second
|
Batting: RHB Brian Dorsett
|
0-0: Called Strike 0-1: Ball 1-1: Swinging Strike 1-2: Foul Ball, location: 2F 1-2: Foul Ball, location: 2F 1-2: Ball 2-2: Ball 3-2: Strikes out looking
|
Top of the 2nd over - 0 runs, 2 hits, 0 errors, 2 left on base; Idaho Falls 0 - Minot 0 |
BOTTOM OF THE 2ND |
Minot Jets batting - Pitching for Idaho Falls Spuds : LHP Mark Roberts
|
Batting: SHB William Eiland
|
0-0: Fly out, F6 (Line Drive, 6, EV 68.1 MPH)
|
Batting: RHB Tony Beal
|
0-0: Called Strike 0-1: Ball 1-1: Ball 2-1: Ball 3-1: Foul Ball, location: 2F 3-2: Foul Ball, location: 2F 3-2: Foul Ball, location: 2F 3-2: Foul Ball, location: 2F 3-2: Foul Ball, location: 2F 3-2: Fly out, F8 (Flyball, 8LD, EV 88.1 MPH)
|
Batting: RHB Roberto Balaguer
|
0-0: Foul Ball, location: 2F 0-1: Ball 1-1: Ground out 5-3 (Groundball, 56S, EV 88.8 MPH)
|
Bottom of the 2nd over - 0 runs, 0 hits, 0 errors, 0 left on base; Idaho Falls 0 - Minot 0 |
TOP OF THE 3RD |
Idaho Falls Spuds batting - Pitching for Minot Jets : RHP Julio Molina
|
Batting: RHB Alvin Bravo
|
0-0: Called Strike 0-1: Swinging Strike 0-2: Ball 1-2: Ball 2-2: Foul Ball, location: 2F 2-2: Ball 3-2: Base on Balls
|
Batting: RHB Henry Smith
|
0-0: Swinging Strike 0-1: Ball 1-1: Fly out, F8 (Line Drive, 8RD, EV 91.9 MPH)
|
Batting: RHB Ken Williams
|
0-0: Foul Ball, location: 2F 0-1: Ball 1-1: Ball 2-1: Fielders Choice at 2nd, 5-4 (Groundball, 5S, EV 85.0 MPH)
|
Batting: LHB Barry Houston
|
0-0: Ball Ken Williams steals 2nd base 1-0: Ball 2-0: Swinging Strike 2-1: Swinging Strike 2-2: Foul Ball, location: 2F 2-2: Foul Ball, location: 2F 2-2: Ground out 6-3 (Groundball, 6, EV 78.8 MPH)
|
Top of the 3rd over - 0 runs, 0 hits, 0 errors, 1 left on base; Idaho Falls 0 - Minot 0 |
BOTTOM OF THE 3RD |
Minot Jets batting - Pitching for Idaho Falls Spuds : LHP Mark Roberts
|
Batting: RHB Jesus Aybar
|
0-0: Ball 1-0: Swinging Strike 1-1: Foul Ball, location: 2F 1-2: Fly out, F8 (Line Drive, 8LM, EV 100.0 MPH)
|
Batting: RHB Hugo Olivas
|
0-0: Fly out, F7 (Flyball, 7LM, EV 95.6 MPH)
|
Batting: RHB George Vogel
|
0-0: SINGLE (Groundball, 34D, EV 110.6 MPH)
|
Batting: RHB William Phillips
|
0-0: Ball 1-0: Ball 2-0: Ground out 4-3 (Groundball, 34, EV 106.3 MPH)
|
Bottom of the 3rd over - 0 runs, 1 hit, 0 errors, 1 left on base; Idaho Falls 0 - Minot 0 |
TOP OF THE 4TH |
Idaho Falls Spuds batting - Pitching for Minot Jets : RHP Julio Molina
|
Batting: RHB Reginald Mosley
|
0-0: Ball 1-0: Ball 2-0: Ball 3-0: Called Strike 3-1: Swinging Strike 3-2: Foul Ball, location: 2F 3-2: Fly out, F7 (Flyball, 7, EV 89.4 MPH)
|
Batting: LHB Tom Francis
|
0-0: Called Strike 0-1: SINGLE (Line Drive, 8RS, EV 114.4 MPH)
|
Batting: RHB Tony Porras
|
0-0: Ball 1-0: Foul Ball, location: 2F 1-1: SINGLE (Groundball, 56D, EV 95.0 MPH) Tom Francis to second Runner from 2nd tries for 3rd, SAFE, no throw by LF
|
Batting: RHB Billie Merrifield
|
0-0: Ball 1-0: Called Strike 1-1: Ball 2-1: Fly out, F9 (Flyball, 89M, EV 94.4 MPH) Runner from 3rd tags up, SCORES, no throw by RF
|
Batting: RHB Brian Dorsett
|
0-0: Ball 1-0: Foul Ball, location: 2F 1-1: Ball 2-1: Swinging Strike 2-2: Ground out 4-3 (Groundball, 34, EV 96.9 MPH)
|
Top of the 4th over - 1 run, 2 hits, 0 errors, 1 left on base; Idaho Falls 1 - Minot 0 |
BOTTOM OF THE 4TH |
Minot Jets batting - Pitching for Idaho Falls Spuds : LHP Mark Roberts
|
Batting: LHB Douglas Reibel
|
0-0: Called Strike 0-1: Swinging Strike 0-2: Ball 1-2: Ball 2-2: Ball 3-2: Base on Balls
|
Batting: RHB Troy Afenir
|
0-0: Ball 1-0: Swinging Strike 1-1: Grounds into double play, 4-6-3 (Groundball, 4, EV 108.8 MPH)
|
Batting: SHB William Eiland
|
0-0: Called Strike 0-1: Ball 1-1: Ground out 6-3 (Groundball, 56, EV 87.5 MPH)
|
Bottom of the 4th over - 0 runs, 0 hits, 0 errors, 0 left on base; Idaho Falls 1 - Minot 0 |
TOP OF THE 5TH |
Idaho Falls Spuds batting - Pitching for Minot Jets : RHP Julio Molina
|
Batting: RHB Alvin Bravo
|
0-0: Ball 1-0: Called Strike 1-1: Ground out 3-1 (Groundball, 34, EV 108.1 MPH)
|
Batting: RHB Henry Smith
|
0-0: Ball 1-0: Ball 2-0: Ground out 6-3 (Groundball, 6, EV 81.3 MPH)
|
Batting: RHB Ken Williams
|
0-0: Ball 1-0: Ground out 6-3 (Groundball, 6MS, EV 82.5 MPH)
|
Top of the 5th over - 0 runs, 0 hits, 0 errors, 0 left on base; Idaho Falls 1 - Minot 0 |
BOTTOM OF THE 5TH |
Minot Jets batting - Pitching for Idaho Falls Spuds : LHP Mark Roberts
|
Batting: RHB Tony Beal
|
0-0: Ball 1-0: Called Strike 1-1: Ground out 6-3 (Groundball, 56, EV 105.0 MPH)
|
Batting: RHB Roberto Balaguer
|
0-0: Ball 1-0: SINGLE (Flyball, 6MD, EV 90.0 MPH)
|
Batting: RHB Jesus Aybar
|
0-0: Ball 1-0: Fly out, F8 (Flyball, 89M, EV 91.9 MPH)
|
Pitching: RHP Kevin Davis
|
|
Batting: RHB Hugo Olivas
|
0-0: SINGLE (Groundball, 56D, EV 106.3 MPH) (infield hit) Roberto Balaguer to second
|
Batting: RHB George Vogel
|
0-0: Ball 1-0: Ball 2-0: Foul Ball, location: 2F 2-1: Ball 3-1: Base on Balls Roberto Balaguer to third Hugo Olivas to second
|
Batting: RHB William Phillips
|
0-0: Fly out, F7 (Flyball, 7, EV 85.6 MPH)
|
Bottom of the 5th over - 0 runs, 2 hits, 0 errors, 3 left on base; Idaho Falls 1 - Minot 0 |
TOP OF THE 6TH |
Idaho Falls Spuds batting - Pitching for Minot Jets : RHP Julio Molina
|
Batting: LHB Barry Houston
|
0-0: Foul Ball, location: 2F 0-1: Ball 1-1: Foul Ball, location: 2F 1-2: SINGLE (Flyball, 4D, EV 92.5 MPH)
|
Batting: RHB Reginald Mosley
|
0-0: Called Strike 0-1: Ball 1-1: Ball 2-1: Called Strike 2-2: Ball 3-2: Base on Balls Barry Houston to second
|
Batting: LHB Tom Francis
|
0-0: DOUBLE (Line Drive, 8LXD, EV 110.6 MPH) Barry Houston scores Reginald Mosley to third
|
Batting: RHB Tony Porras
|
0-0: Called Strike 0-1: Ball 1-1: Foul Ball, location: 2F 1-2: Ball 2-2: Ball 3-2: Hit by Pitch
|
Batting: RHB Billie Merrifield
|
0-0: Ball 1-0: Swinging Strike 1-1: Ball 2-1: Foul Ball, location: 2F 2-2: Ball 3-2: Grounds into fielders choice 3-2 (Groundball, 34S, EV 76.3 MPH) Tom Francis to third Tony Porras to second
|
Batting: RHB Brian Dorsett
|
0-0: Fly out, F9 (Flyball, 9S, EV 93.8 MPH)
|
Batting: RHB Alvin Bravo
|
0-0: Fly out, F4 (Line Drive, 4, EV 68.1 MPH)
|
Top of the 6th over - 1 run, 2 hits, 0 errors, 3 left on base; Idaho Falls 2 - Minot 0 |
BOTTOM OF THE 6TH |
Minot Jets batting - Pitching for Idaho Falls Spuds : RHP Kevin Davis
|
Batting: LHB Douglas Reibel
|
0-0: Called Strike 0-1: Foul Ball, location: 2F 0-2: Ball 1-2: DOUBLE (Line Drive, 7LM, EV 99.4 MPH)
|
Batting: RHB Troy Afenir
|
0-0: Called Strike 0-1: Ball 1-1: Called Strike 1-2: Fly out, F7 (Flyball, 7, EV 87.5 MPH)
|
Batting: SHB William Eiland
|
0-0: Ball 1-0: Called Strike 1-1: Ball 2-1: Ball Wild Pitch! Douglas Reibel to third 3-1: Base on Balls
|
Batting: RHB Tony Beal
|
0-0: Fielders Choice at 2nd, 4-6 (Groundball, 4M, EV 90.0 MPH) Douglas Reibel scores
|
Batting: RHB Roberto Balaguer
|
0-0: Ball Tony Beal steals 2nd base (no throw) 1-0: Ball 2-0: Swinging Strike 2-1: Foul Ball, location: 2F 2-2: Ball 3-2: Foul Ball, location: 2F 3-2: 2-RUN HOME RUN (Flyball, 7D, EV 93.8 MPH), Distance : 391 ft
|
Batting: RHB Jesus Aybar
|
0-0: Ground out 6-3 (Groundball, 6, EV 90.6 MPH)
|
Bottom of the 6th over - 3 runs, 2 hits, 0 errors, 0 left on base; Idaho Falls 2 - Minot 3 |
TOP OF THE 7TH |
Idaho Falls Spuds batting - Pitching for Minot Jets : RHP Julio Molina
|
Batting: RHB Henry Smith
|
0-0: Called Strike 0-1: Ball 1-1: Single, Error in OF, E8, batter to second base (Groundball, 6D, EV 96.3 MPH)
|
Pinch Hitting: LHB Bill Kuchar
|
0-0: Called Strike 0-1: Ground out U3 (Groundball, 3, EV 104.4 MPH) Henry Smith to third
|
Batting: LHB Barry Houston
|
0-0: Called Strike 0-1: Fly out, F7 (Flyball, 7, EV 89.4 MPH)
|
Batting: RHB Reginald Mosley
|
0-0: Ball 1-0: Ball 2-0: Ground out 5-3 (Groundball, 56, EV 93.1 MPH)
|
Top of the 7th over - 0 runs, 1 hit, 1 error, 1 left on base; Idaho Falls 2 - Minot 3 |
BOTTOM OF THE 7TH |
Minot Jets batting - Pitching for Idaho Falls Spuds : RHP Kevin Davis
|
Now in RF: Joel Weatherford
|
|
Batting: RHB Hugo Olivas
|
0-0: Ball 1-0: Ground out 6-3 (Groundball, 6, EV 100.6 MPH)
|
Batting: RHB George Vogel
|
0-0: Ball 1-0: Foul Ball, location: 2F 1-1: Foul Ball, location: 2F 1-2: Ball 2-2: Foul Ball, location: 2F 2-2: Ground out 4-3 (Groundball, 4S, EV 86.3 MPH)
|
Batting: RHB William Phillips
|
0-0: Ground out 4-3 (Groundball, 4, EV 89.4 MPH)
|
Bottom of the 7th over - 0 runs, 0 hits, 0 errors, 0 left on base; Idaho Falls 2 - Minot 3 |
TOP OF THE 8TH |
Idaho Falls Spuds batting - Pitching for Minot Jets : RHP Julio Molina
|
Batting: LHB Tom Francis
|
0-0: Foul Ball, location: 2F 0-1: Reached on error, E1 (Groundball, 13S, EV 69.4 MPH)
|
Pinch Hitting: LHB Michael Ward
|
0-0: Called Strike 0-1: Swinging Strike 0-2: Ball 1-2: Strikes out looking
|
Batting: RHB Billie Merrifield
|
0-0: Fly out, F5 (Flyball, 5D, EV 77.5 MPH)
|
Pinch Hitting: RHB Gregory Key
|
0-0: Swinging Strike 0-1: Ball 1-1: Ball 2-1: Ball 3-1: Called Strike 3-2: Base on Balls
|
Pinch Hitting: RHB Claude Douglas
|
0-0: Foul Ball, location: 2F 0-1: Ball 1-1: Fly out, F9 (Flyball, 9D, EV 94.4 MPH)
|
Top of the 8th over - 0 runs, 0 hits, 1 error, 2 left on base; Idaho Falls 2 - Minot 3 |
BOTTOM OF THE 8TH |
Minot Jets batting - Pitching for Idaho Falls Spuds : RHP Kevin Davis
|
Now at C: Frank Kneuer
|
|
Now at 2B: Gregory Key
|
|
Now at SS: Brian Robinson
|
|
Batting: LHB Douglas Reibel
|
0-0: Ball 1-0: Ball 2-0: Foul Ball, location: 2F 2-1: Ball 3-1: Base on Balls
|
Batting: RHB Troy Afenir
|
0-0: Called Strike 0-1: Swinging Strike 0-2: Ball 1-2: Ball 2-2: Ball 3-2: Base on Balls Douglas Reibel to second
|
Batting: SHB William Eiland
|
0-0: Ball 1-0: Ball 2-0: Ball 3-0: Base on Balls Douglas Reibel to third Troy Afenir to second
|
Batting: RHB Tony Beal
|
0-0: Ball 1-0: Swinging Strike 1-1: Ball 2-1: SINGLE (Flyball, 6D, EV 90.0 MPH) Douglas Reibel scores Troy Afenir to third William Eiland to second
|
Batting: RHB Roberto Balaguer
|
0-0: Foul Ball, location: 2F 0-1: Ball 1-1: SINGLE (Line Drive, 6MD, EV 108.8 MPH) Troy Afenir scores William Eiland to third Tony Beal to second Runner from 3rd tries for Home, SAFE, throw by CF to home
|
Batting: RHB Jesus Aybar
|
0-0: Bunted foul 0-1: Bunt missed! 0-2: SINGLE (Groundball, 34D, EV 96.9 MPH) Tony Beal to third Roberto Balaguer to second Runner from 3rd tries for Home, SAFE, throw by RF to home
|
Pitching: RHP Don Long
|
|
Batting: RHB Hugo Olivas
|
0-0: Called Strike 0-1: Ball 1-1: Bunted foul 1-2: Fly out, F9 (Line Drive, 9S, EV 93.8 MPH)
|
Batting: RHB George Vogel
|
0-0: Ball 1-0: Ball 2-0: Called Strike 2-1: SINGLE (Line Drive, 6D, EV 108.1 MPH) Roberto Balaguer to third Jesus Aybar to second
|
Batting: RHB William Phillips
|
0-0: Called Strike 0-1: Ball 1-1: Ball 2-1: Foul Ball, location: 2F 2-2: Grounds into double play, 2-3 (Groundball, 15S, EV 73.1 MPH)
|
Bottom of the 8th over - 4 runs, 4 hits, 0 errors, 2 left on base; Idaho Falls 2 - Minot 7 |
TOP OF THE 9TH |
Idaho Falls Spuds batting - Pitching for Minot Jets : RHP Julio Molina
|
Batting: RHB Henry Smith
|
0-0: Ball 1-0: Ball 2-0: Ball 3-0: Base on Balls
|
Batting: LHB Joel Weatherford
|
0-0: Ball 1-0: Foul Ball, location: 2F 1-1: Foul Ball, location: 2F 1-2: Foul Ball, location: 2F 1-2: Strikes out looking
|
Pitching: RHP Guillermo Thomas
|
|
Batting: LHB Barry Houston
|
0-0: Ball 1-0: Ball 2-0: Foul Ball, location: 2F 2-1: Swinging Strike 2-2: Strikes out swinging
|
Batting: RHB Reginald Mosley
|
0-0: Ball 1-0: Ball 2-0: Ball 3-0: Called Strike 3-1: Swinging Strike 3-2: Base on Balls Henry Smith to second
|
Batting: LHB Tom Francis
|
0-0: Ball 1-0: Ball 2-0: Called Strike 2-1: Ball 3-1: Base on Balls Henry Smith to third Reginald Mosley to second
|
Batting: RHB Brian Robinson
|
0-0: Called Strike 0-1: SINGLE (Line Drive, 34D, EV 102.5 MPH) Henry Smith scores Reginald Mosley to third Tom Francis to second
|
Pitching: RHP Danny Ontiveros
|
|
Batting: RHB Billie Merrifield
|
0-0: Ball 1-0: Ball 2-0: Ball 3-0: Called Strike 3-1: Base on Balls Reginald Mosley scores Tom Francis to third Brian Robinson to second
|
Batting: RHB Gregory Key
|
0-0: Called Strike 0-1: Ball 1-1: Swinging Strike 1-2: Foul Ball, location: 2F 1-2: Foul Ball, location: 2F 1-2: Foul Ball, location: 2F 1-2: Ball 2-2: Foul Ball, location: 2F 2-2: DOUBLE (Groundball, 5L, EV 100.6 MPH) Tom Francis scores Brian Robinson scores Billie Merrifield to third Runner from 3rd tries for Home, SAFE, no throw by LF
|
Pinch Hitting: RHB Phil Smith
|
0-0: Ground out 5-3 (Groundball, 56S, EV 85.6 MPH)
|
Top of the 9th over - 5 runs, 2 hits, 0 errors, 1 left on base; Idaho Falls 7 - Minot 7 |
BOTTOM OF THE 9TH |
Minot Jets batting - Pitching for Idaho Falls Spuds : RHP Don Long
|
Now at C: James Michalek
|
|
Batting: LHB Douglas Reibel
|
0-0: Called Strike 0-1: Swinging Strike 0-2: Ball 1-2: Ball 2-2: Foul Ball, location: 2F 2-2: Ball 3-2: Base on Balls
|
Pinch Hitting: LHB Theodore Milner
|
0-0: Foul Ball, location: 2F 0-1: Ball 1-1: Ball 2-1: SINGLE (Groundball, 25, EV 64.4 MPH) (infield hit) Douglas Reibel to second
|
Batting: SHB William Eiland
|
0-0: Ball 1-0: Ball 2-0: Ball Wild Pitch! Douglas Reibel to third Theodore Milner to second 3-0: Called Strike 3-1: Base on Balls
|
Batting: RHB Tony Beal
|
0-0: Ball 1-0: Called Strike 1-1: Ball 2-1: Foul Ball, location: 2F 2-2: Ball 3-2: Foul Ball, location: 2F 3-2: Base on Balls Douglas Reibel scores Theodore Milner to third William Eiland to second
|
Bottom of the 9th over - 1 run, 1 hit, 0 errors, 0 left on base; Idaho Falls 7 - Minot 8 |
|